cohdb
Replays
Latest Replays
All Replays
Popular Replays
Top Player Replays
Match Explorer
How It Works
Community
CoH3 Stats
Reddit
Sign in to upload your games and track your stats! →
Sign in with Steam
Match 41608550
Unlisted
Match 41608550
Overview
Messages
Build Orders
End
Construct Infanterie Kompanie
Selects Terror Battlegroup
Pioneer Squad
MG 42 Machine Gun Team
Selects Machine Gun Camouflage
MG 42 Machine Gun Team
Grenadier Squad
Grenadier Squad
Construct Panzergrenadier Kompanie
Selects Contempt for the Weak
Medical Station
Pak 40 Anti-tank Gun Team
MG 42 Bunker
Panzergrenadier Squad
251 Medium Carrier
Panzergrenadier Squad
Panzergrenadier Officer Quarters
Selects Propaganda Leaflet Drop
Propaganda Leaflet Drop
Construct Panzer Kompanie
Stoßtruppen Squad
Selects Defend the Fatherland
Defend the Fatherland
Panzer IV Medium Tank
Panzer IV Medium Tank
Panzer Officer Quarters
Pioneer Squad
Propaganda Leaflet Drop
Selects King Tiger Heavy Tank
Stoßtruppen Squad
UH|ck
iceman
[BƧƦ] Epikon
[SITH] Gilneos
0
0
Comments
sign in to comment!
No comments posted yet!